 Dungeon Crawl Stone Soup version 0.30.0-29-ga12c61a403 (webtiles) character file.

Game seed: 1240662628358846837

13207 boopmooplesden the Basher (level 11, -1/87 HPs)
             Began as a Grey Draconian Berserker on June 23, 2023.
             Was an Elder of Trog.
             Slain by a slime creature (14 damage)
             ... on level 13 of the Dungeon.
             The game lasted 00:14:37 (10855 turns).

boopmooplesden the Basher (DrBe)                   Turns: 10855, Time: 00:14:37

Health: -1/87      AC: 19    Str: 23    XL:     11   Next: 72%
Magic:  11/11      EV: 14    Int:  8    God:    Trog [****..]
Gold:   345        SH: 14    Dex: 14    Spells: 10/10 levels left

rFire   . . .        n - +10 club (spect)
rCold   . . .        E - +0 tower shield
rNeg    . . .        (body armour unavailable)
rPois   .            G - +2 hat
rElec   .            C - +0 cloak
rCorr   .            y - +0 pair of gloves {Str+3}
SInv    .            s - +2 pair of boots
Will    .....        (no amulet)
Stlth   +++          (no ring)
HPRegen 0.34/turn    (no ring)
MPRegen 0.12/turn

%: no passive effects
@: on berserk cooldown, slowed, very slow
A: AC +12, amphibious, unfitting armour, cold-blooded, beak, frail 1
a: Renounce Religion, Berserk, Trog's Hand, Brothers in Arms


You were on level 13 of the Dungeon.
You worshipped Trog.
Trog was greatly pleased with you.
You visited 1 branch of the dungeon, and saw 13 of its levels.

You collected 599 gold pieces.
You spent 254 gold pieces at shops.

Inventory:

Hand Weapons
 a - a +0 mace
 e - the +7 long sword of the Bear {speed, Contam rElec Str+3}
   (You found it on level 3 of the Dungeon)

   Str:       It affects your strength (+3).
   rElec:     It insulates you from electricity.
   Contam:    It causes magical contamination when unequipped.
 k - a +1 battleaxe
 n - a +10 spectral club (weapon)
 t - the +6 dagger of Fate {protect, rF+ Dex+5}
   (You found it on level 4 of the Dungeon)

   Dex:       It affects your dexterity (+5).
   rF:        It protects you from fire.
 K - the +8 rapier "Raunwy" {drain, rC+}
   (You found it on level 11 of the Dungeon)

   rC:        It protects you from cold.
Armour
 q - a +0 buckler
 s - a +2 pair of boots (worn)
 y - a +0 pair of gloves of strength (worn)
 C - a +0 cloak (worn)
 E - a +0 tower shield (worn)
 G - a +2 hat (worn)
Jewellery
 p - an amulet of magic regeneration
 w - a ring of fire
 B - an amulet of guardian spirit
 D - an amulet of regeneration
 F - a ring of fire
Wands
 m - a wand of flame (19)
Scrolls
 b - 2 scrolls of butterflies
 c - 2 scrolls of identify
 j - 2 scrolls of poison
 r - 12 scrolls of teleportation
 u - a scroll of brand weapon
 x - 4 scrolls of fog
 z - a scroll of magic mapping {unknown}
 I - a scroll of enchant armour
Potions
 d - 4 potions of degeneration
 f - a potion of resistance
 g - 5 potions of heal wounds
 h - a potion of berserk rage
 i - a potion of ambrosia
 l - 2 potions of brilliance
 o - 3 potions of curing
 v - 3 potions of haste
Miscellaneous
 H - a box of beasts
 J - a phial of floods


   Skills:
 + Level 9.1 Fighting
 + Level 3.7 Long Blades
 + Level 11.3 Maces & Flails
 + Level 9.2 Dodging
 + Level 5.6 Stealth
 + Level 6.7 Shields


You had 10 spell levels left.
You didn't know any spells.
Your spell library was empty.

Dungeon Overview and Level Annotations

Branches:
Dungeon (14/15)            Temple (0/1) D:4            Lair (0/5) D:10
    Orc (0/2) D:9
 Vaults: D:13-14

Altars:
Ashenzari
Cheibriados
Elyvilon
Fedhas
Gozag
Hepliaklqana
Kikubaaqudgha
Makhleb
Nemelex Xobeh
Qazlal
Ru
Sif Muna
Trog
Vehumet
Wu Jian
Xom

Shops:
D:4 ?   D:5 [   D:6 =!(([*   D:8 (


Innate Abilities, Weirdness & Mutations

Your dull iron-grey scales are very hard. (AC +12)
You are amphibious.
You cannot fit into any form of body armour.
You are cold-blooded and may be slowed by cold attacks.
You have a beak for a mouth.
You are frail. (-10% HP)


Message History

You are exhausted.
You feel yourself slow down.
The very large slime creature hits your +10 spectral club!!!
Your spectral weapon shares its damage with you!
Your +10 spectral club disappears.
Two slime creatures merge to form an enormous slime creature.
You barely miss the enormous slime creature.
The enormous slime creature is severely wounded.
Your +10 spectral club hits the enormous slime creature.
You sock the enormous slime creature!
You tail-slap the enormous slime creature.
The enormous slime creature is severely wounded.
Your +10 spectral club hits the enormous slime creature!
You sock the enormous slime creature!
The enormous slime creature is severely wounded.
Your +10 spectral club completely misses the enormous slime creature.
An enormous slime creature splits.
The large slime creature hits you!!
* * * LOW HITPOINT WARNING * * *
You thump the large slime creature!
Your tail-slap misses the large slime creature.
The large slime creature is almost dead.
Your +10 spectral club hits the large slime creature!
The large slime creature closely misses something.
A large slime creature splits.
You thump the large slime creature!
The large slime creature is almost dead.
Something hits the large slime creature.
The large slime creature hits your +10 spectral club!!
Your spectral weapon shares its damage with you!
* * * LOW HITPOINT WARNING * * *
The slime creature hits you but does no damage. x2
The large slime creature hits your +10 spectral club.
Your spectral weapon shares its damage with you!
Your +10 spectral club disappears.
* * * LOW HITPOINT WARNING * * *
The large slime creature quivers.
You sock the slime creature!
The slime creature is almost dead.
The slime creature hits you!
You die...

#### # ...#..# #
...#..#### # #..#.....# #
#..#.....###########
######..#................
........#...............#
.......J#).............[#
.......J@...............#
.......J###...########..#
......... #...# #..#
..........##..# #..#
...........#..# #..#
...........#..# +...
...........#..# #...
...[......c#..#


You could see a large slime creature and 2 slime creatures.

Vanquished Creatures
  Snorg (D:10)
  A two-headed ogre (D:10)
  2 ugly things (D:13)
  4 manticores
  A cyclops (D:14)
  An elephant (D:10)
  A kobold demonologist (D:11)
  5 trolls
  A hornet (D:11)
  2 shadows
  A wyvern (D:8)
  8 yaks
  Eustachio (D:6)
  A wraith (D:11)
  Menkaure (D:4)
  A steam dragon (D:7)
  2 vampire mosquitoes (D:11)
  3 wargs (D:9)
  2 acid dragons (D:11)
  A water moccasin (D:9)
  Duvessa (D:6)
  5 orc warriors
  4 black bears
  2 ogres
  3 centaurs
  A kobold brigand (D:8)
  A phantom (D:5)
  2 gnoll sergeants
  2 bullfrogs
  A scorpion (D:4)
  9 wights
  Dowan (D:6)
  4 killer bees (D:8)
  6 howler monkeys
  A crimson imp (D:4)
  4 jellies
  4 orc priests
  A hound (D:6)
  4 iguanas
  8 orc wizards
  14 gnolls
  10 adders
  2 white imps
  A worm (D:3)
  2 dart slugs
  28 orcs
  9 endoplasms
  A giant cockroach (D:1)
  6 goblins
  6 hobgoblins
  6 jackals
  6 quokkas
  5 ball pythons
  4 bats
  4 frilled lizards
  16 kobolds
  3 rats
227 creatures vanquished.

Vanquished Creatures (collateral kills)
  A boulder beetle (D:11)
  A troll (D:11)
  An orc wizard (D:11)
3 creatures vanquished.

Vanquished Creatures (others)
  Jessica (D:3)
  A kobold (D:3)
  4 spectral weapons
6 creatures vanquished.

Grand Total: 236 creatures vanquished

Notes
Turn   | Place    | Note
-------+----------+-------------------------------------------
     0 | D:1      | boopmooplesden the Draconian Berserker began the quest for
                  | the Orb.
     0 | D:1      | Reached XP level 1. HP: 19/19 MP: 1/1
   236 | D:1      | Reached XP level 2. HP: 15/26 MP: 2/2
   933 | D:2      | Identified the +10 plate armour of Masochism {rF- rC+++ rN+
                  | Int+3}
   978 | D:2      | Reached ** piety under Trog
   979 | D:2      | Reached XP level 3. HP: 20/33 MP: 3/3
  1609 | D:3      | Found a stormy altar of Qazlal.
  1609 | D:3      | Found a shimmering blue altar of Sif Muna.
  1616 | D:3      | Found an opulent altar of Gozag.
  1619 | D:3      | Found a sparkling altar of Nemelex Xobeh.
  1620 | D:3      | Identified the +7 long sword of the Bear {speed, Contam
                  | rElec Str+3}
  1625 | D:3      | Found a sacrificial altar of Ru.
  1629 | D:3      | Found a blossoming altar of Fedhas.
  1664 | D:3      | Reached skill level 4 in Maces & Flails
  1669 | D:3      | Reached XP level 4. HP: 32/40 MP: 4/4
  1762 | D:3      | Found a faded altar of an unknown god.
  1931 | D:3      | Found a broken altar of Ashenzari.
  1933 | D:3      | Found an ornate altar of the Wu Jian Council.
  2077 | D:3      | Found a bloodstained altar of Trog.
  2079 | D:3      | Noticed Jessica
  2089 | D:3      | Killed Jessica
  2166 | D:3      | Reached skill level 1 in Long Blades
  2252 | D:3      | Reached XP level 5. HP: 35/46 MP: 5/5
  2258 | D:3      | Reached skill level 1 in Stealth
  2540 | D:3      | Found a hazy altar of Hepliaklqana.
  2940 | D:4      | Found a staircase to the Ecumenical Temple.
  3105 | D:4      | Found a white marble altar of Elyvilon.
  3162 | D:4      | Noticed Menkaure
  3169 | D:4      | Killed Menkaure
  3170 | D:4      | Reached XP level 6. HP: 25/52 MP: 6/6
  3281 | D:4      | Found a shimmering altar of Xom.
  3282 | D:4      | Found a burning altar of Makhleb.
  3327 | D:4      | Reached *** piety under Trog
  3576 | D:4      | Identified the +6 dagger of Fate {protect, rF+ Dex+5}
  3765 | D:4      | Your scales start taking on a dull iron-grey colour.
  3765 | D:4      | Reached XP level 7. HP: 58/60 MP: 7/7
  3798 | D:4      | Found Lemock's Magic Scroll Shop.
  3804 | D:4      | Bought a scroll of enchant weapon for 105 gold pieces
  3840 | D:4      | Reached skill level 5 in Maces & Flails
  4027 | D:5      | Entered Level 5 of the Dungeon
  4389 | D:5      | Noticed an animated pearl dragon scales
  4391 | D:5      | Found Etzyonge's Armour Shop.
  4393 | D:5      | Noticed an animated shadow dragon scales
  4401 | D:5      | Bought a +0 pair of gloves of strength for 149 gold pieces
  4875 | D:6      | Found Ybbacs's Jewellery Shop.
  4911 | D:6      | Found Buofumekhli's Firing Range.
  4915 | D:6      | Found Asauril's Weapon Emporium.
  4930 | D:6      | Noticed Eustachio
  4949 | D:6      | Killed Eustachio
  4950 | D:6      | Reached skill level 6 in Maces & Flails
  4950 | D:6      | Reached skill level 5 in Dodging
  4950 | D:6      | Reached XP level 8. HP: 30/67 MP: 8/8
  5084 | D:6      | Found Doarch's Antique Armour Boutique.
  5131 | D:6      | Found Melosit's General Store.
  5276 | D:6      | Noticed Duvessa
  5276 | D:6      | Noticed Dowan
  5282 | D:6      | Killed Duvessa
  5286 | D:6      | Killed Dowan
  5287 | D:6      | Reached skill level 5 in Fighting
  5343 | D:6      | Found Bomini's Distillery.
  5549 | D:7      | Reached skill level 7 in Maces & Flails
  6572 | D:8      | Found Originikh's Weapon Emporium.
  6649 | D:8      | Reached XP level 9. HP: 63/75 MP: 9/9
  6657 | D:8      | Reached **** piety under Trog
  6669 | D:8      | Reached skill level 1 in Shields
  7056 | D:8      | Reached skill level 8 in Maces & Flails
  7649 | D:9      | Found a snail-covered altar of Cheibriados.
  7808 | D:9      | Found an ancient bone altar of Kikubaaqudgha.
  7809 | D:9      | Noticed a manticore
  7818 | D:9      | Killed a manticore
  8105 | D:9      | Reached skill level 9 in Maces & Flails
  8202 | D:9      | Found a staircase to the Orcish Mines.
  8527 | D:9      | Reached XP level 10. HP: 67/86 MP: 10/10
  8747 | D:9      | Reached skill level 5 in Stealth
  8960 | D:10     | Entered Level 10 of the Dungeon
  9032 | D:10     | Noticed a two-headed ogre
  9041 | D:10     | Killed a two-headed ogre
  9042 | D:10     | Reached skill level 10 in Maces & Flails
  9318 | D:10     | Found a staircase to the Lair.
  9318 | D:10     | Noticed an elephant
  9348 | D:10     | Killed an elephant
  9631 | D:10     | Found a radiant altar of Vehumet.
  9733 | D:10     | Noticed Snorg
  9748 | D:10     | Killed Snorg
 10031 | D:11     | Reached XP level 11. HP: 94/95 MP: 11/11
 10102 | D:11     | Reached skill level 5 in Shields
 10108 | D:11     | Noticed a boulder beetle
 10135 | D:11     | Killed a boulder beetle
 10136 | D:11     | Reached skill level 11 in Maces & Flails
 10417 | D:11     | Identified the +8 rapier "Raunwy" {drain, rC+}
 10446 | D:11     | You fall into a shaft and drop 3 floors!
 10714 | D:14     | Gained mutation: You are frail. (-10% HP) [potion of
                  | mutation]
 10714 | D:14     | Gained mutation: You have a beak for a mouth. [potion of
                  | mutation]
 10751 | D:14     | Noticed a deep elf knight
 10751 | D:14     | Noticed an orc knight
 10790 | D:13     | Noticed a red ugly thing
 10800 | D:13     | Killed a red ugly thing
 10827 | D:13     | Noticed a green ugly thing
 10829 | D:13     | Noticed a centaur warrior
 10839 | D:13     | Killed a green ugly thing
 10855 | D:13     | Slain by a slime creature

Illustrated notes

Levels and vault maps discovered:
D:1:      pf_arrival_petrified_forest, layout_loops_ring, solitary_fountain,
          lexackson_kobold_supper
D:2:      layout_basic, serial_park_tiny_2,
          nicolae_concentric_dashed_squares_mild, kennysheep_generic_room_4
D:3:      layout_loops_corners, nicolae_overflow_hallway_of_the_gods,
          nicolae_overflow_squiral, trog_hazing_becter,
          worldfamousw_hep_ancestral_shrine, hellmonk_ecumenical_altar_run_dry,
          uniq_jessica
D:4:      minmay_recursive_quarters, layout_basic,
          grunt_temple_overflow_champion_of_chaos, elyvilon_altar_4,
          minmay_temple_entry_junction_2, serial_shops, shop, uniq_menkaure
D:5:      layout_loops_ring, serial_shops, nicolae_shop_mannequins,
          minmay_statues_item, hangedman_glass_teeth
D:6:      layout_rooms, serial_shops, shop, nicolae_shop_tiny_statue_garden,
          nicolae_shop_waterfront, kennysheep_little_box,
          nicolae_shop_back_alley_shop, nicolae_shop_firing_range,
          uniq_eustachio, uniq_duvessa
D:7:      layout_loops_ring
D:8:      layout_loops_corners, serial_shops, shop
D:9:      layout_basic, kiku_gazebo_pond_becter, old_standard_altar,
          david_orc_1_choice, minmay_orc_keep
D:10:     layout_basic, nicolae_overflow_crystal_walls, david_lair_generic,
          uniq_snorg
D:11:     minmay_ornate_pinched, layout_loops_ring, serial_bayou_pond_a
D:13:     layout_irregular_city, portal_ice_cave_entry_imps
D:14:     layout_layer_cave, grunt_vaults_entry_fortified,
          nicolae_gozag_cash_rules_everything_around_me, drop_trap

Skill      XL: |  1  2  3  4  5  6  7  8  9 10 11 |
---------------+----------------------------------+-----
Dodging        | 3 4 5 6 7 8 9 |  9.2
Maces & Flails | 4 6 7 9 10 11 | 11.3
Long Blades    | 1 2 3 |  3.7
Stealth        | 1 2 3 4 5 |  5.6
Fighting       | 4 5 7 8 9 |  9.1
Shields        | 2 4 6 |  6.7

Action                     |  1- 3 |  4- 6 |  7- 9 | 10-12 || total
---------------------------+-------+-------+-------+-------++-------
  Melee: Mace              |   105 |       |       |       ||   105
         Tailslap          |    12 |     4 |    35 |    53 ||   104
         Long sword        |     6 |    41 |       |       ||    47
         Punch             |     1 |     2 |       |       ||     3
         Club              |       |    69 |   242 |   242 ||   553
         Peck              |       |       |       |     8 ||     8
 Invoke: Berserk           |     1 |       |     2 |     6 ||     9
         Trog's Hand       |       |       |       |     2 ||     2
         Brothers in Arms  |       |       |       |     1 ||     1
    Use: Scroll            |     7 |     2 |     5 |     8 ||    22
         Potion            |       |       |       |     2 ||     2
   Stab: Sleeping          |       |     1 |     2 |     2 ||     5
         Distracted        |       |       |     2 |     3 ||     5
 Armour: Skin              |    38 |    39 |   123 |   108 ||   308
  Dodge: Dodged            |    95 |   105 |   166 |   116 ||   482
  Block: Buckler           |       |     2 |    37 |     4 ||    43
         Tower shield      |       |       |       |   162 ||   162
